 Dungeon Crawl Stone Soup version 0.24-a0-479-g9a978d2894 (webtiles) character file.

Game seed: 1420420017358426640

1754 Elric the Charmwright (level 9, 0/69 HPs)
             Began as a Gnoll Skald on July 7, 2019.
             Was a Follower of Okawaru.
             Slain by Duvessa
             ... wielding a +0 short sword
              (7 damage)
             ... on level 6 of the Dungeon.
             The game lasted 00:15:48 (4815 turns).

Elric the Charmwright (Gnoll Skald)                 Turns: 4815, Time: 00:15:49

Health: 0/69       AC:  9    Str: 16    XL:     9   Next: 6%
Magic:  11/18      EV: 15    Int: 17    God:    Okawaru [*.....]
Gold:   244        SH:  0    Dex: 14    Spells: 9/20 levels left

rFire    . . .     SeeInvis .   m - +0 glaive
rCold    . . .     Gourm    .   (shield currently unavailable)
rNeg     . . .     Faith    .   b - +0 leather armour
rPois    .         Spirit   .   (no helmet)
rElec    .         Reflect  .   g - +2 cloak
rCorr    .         Harm     .   t - +0 pair of gloves
MR       .....                  c - +0 pair of boots
Stlth    ++........             (no amulet)
HPRegen  0.21/turn              a - ring of flight
MPRegen  0.16/turn              (no ring)

@: very slightly contaminated
A: distributed training, fangs 1, strong nose
a: Heroism, Renounce Religion, Evoke Flight


You were on level 6 of the Dungeon.
You worshipped Okawaru.
Okawaru was aware of your devotion.
You were not hungry.

You visited 2 branches of the dungeon, and saw 7 of its levels.

You collected 244 gold pieces.

Inventory:

Hand Weapons
 m - a +0 glaive (weapon)
Armour
 b - a +0 leather armour (worn)
 c - a +0 pair of boots (worn)
 g - a +2 cloak (worn)
 t - a +0 pair of gloves (worn)
Jewellery
 a - a ring of flight (left hand)
 w - a cursed amulet of inaccuracy {unknown}
Wands
 p - a wand of digging (9)
 u - a wand of random effects (10)
Scrolls
 e - 2 scrolls of remove curse
 f - a scroll of fear {unknown}
 h - 2 scrolls of enchant weapon {unknown}
 i - a scroll of fog {unknown}
 k - 2 scrolls of identify {unknown}
 n - 3 scrolls of teleportation {unknown}
 o - a scroll of amnesia
Potions
 j - 3 potions of curing {unknown}
 l - a potion of degeneration {unknown}
 q - a potion of mutation {unknown}
 r - 3 potions of brilliance {unknown}
 s - a potion of flight {unknown}
 v - a potion of lignification {unknown}
 x - a potion of cancellation {unknown}
Comestibles
 d - 3 rations


   Skills:
 + Level 6.0 Fighting
 + Level 3.8 Short Blades
 + Level 3.8 Long Blades
 + Level 3.8 Axes
 + Level 3.8 Maces & Flails
 + Level 6.0 Polearms
 + Level 3.8 Staves
 + Level 3.8 Slings
 + Level 3.8 Bows
 + Level 3.8 Crossbows
 + Level 3.8 Throwing
 + Level 4.6 Armour
 + Level 6.0 Dodging
 + Level 3.8 Stealth
 + Level 3.8 Shields
 + Level 3.8 Unarmed Combat
 + Level 6.3 Spellcasting
 + Level 3.1 Conjurations
 + Level 3.1 Hexes
 + Level 6.3 Charms
 + Level 3.1 Summonings
 + Level 3.1 Necromancy
 + Level 3.1 Translocations
 + Level 3.1 Transmutations
 + Level 3.1 Fire Magic
 + Level 3.1 Ice Magic
 + Level 3.1 Air Magic
 + Level 3.1 Earth Magic
 + Level 3.1 Poison Magic
 + Level 4.1 Invocations
 + Level 3.8 Evocations


You had 9 spell levels left.
You knew the following spells:

 Your Spells              Type           Power        Failure   Level  Hunger
a - Infusion              Chrm           ####         1%          1    None
b - Song of Slaying       Chrm           ####....     1%          2    None
c - Shroud of Golubria    Chrm/Tloc      ###...       3%          2    None
d - Spectral Weapon       Hex/Chrm       ###.....     6%          3    ##.....
e - Regeneration          Chrm/Necr      ###.......   6%          3    ##.....

Your spell library contained the following spells:

 Spells                   Type           Power        Failure   Level  Hunger


Dungeon Overview and Level Annotations

Branches:
Dungeon (6/15)             Temple (1/1) D:4

Altars:
Ashenzari
Dithmenos
Elyvilon
Fedhas
Gozag
Hepliaklqana
Kikubaaqudgha
Makhleb
Nemelex Xobeh
Okawaru
Qazlal
Ru
Sif Muna
Trog
Uskayaw
Vehumet
Wu Jian
Xom
Yredelemnul
Zin
The Shining One

Annotations:
D:6 Duvessa


Innate Abilities, Weirdness & Mutations

Your experience applies equally to all skills.
You have very sharp teeth.
Your uncanny sense of smell can sniff out nearby items.


Message History

A stone appears from out of thin air!
The stone hits you.
You see here a stone.
A stone appears from out of thin air!
The stone hits you.
There is an open door, spattered with blood here.
You see here a stone.
Casting: Infusion (safe; 1% risk of failure)
Confirm with . or Enter, or press ? or * to list all spells.
You draw out your weapon's spirit!
Duvessa hits you with a +0 short sword! x2
Unknown command.
Casting: Spectral Weapon (safe; 6% risk of failure)
Confirm with . or Enter, or press ? or * to list all spells.
You miscast Shroud of Golubria.
You are very lightly contaminated with residual magic.
The air around you crackles with energy!
A stone appears from out of thin air!
The stone barely misses your spectral weapon.
The stone closely misses Duvessa.
The stone hits you!
* * * LOW HITPOINT WARNING * * *
Duvessa hits you with a +0 short sword!
You die...

#..................
#########.#########
#....# #.####
#####.# #.....#
#)##### #.# #@#
#####e####
#....(...#
#....(..(#
#....o...##
#.........#
#.........#
#........(.#
#..........#####


You could see Duvessa (berserk), an orc wizard and a friendly spectral +0
glaive.

Vanquished Creatures
  Grinder (D:4)
  Prince Ribbit (D:6)
  Sigmund (D:3)
  Eustachio (D:6)
  Edmund (D:3)
  Menkaure (D:5)
  3 phantoms
  Dowan (D:6)
  A howler monkey (D:6)
  A hound (D:4)
  An orc priest (D:6)
  2 orc wizards
  3 iguanas
  Ijyb (D:3)
  4 worker ants
  A hound zombie (D:5)
  A worker ant zombie (D:5)
  7 adders
  A shadow imp (D:6)
  An ooze (D:5)
  An adder skeleton (D:5)
  2 worms
  A dart slug (D:3)
  4 leopard geckos
  9 orcs
  4 ball pythons
  6 giant cockroaches
  10 goblins
  3 hobgoblins
  3 jackals (D:4)
  16 kobolds
  8 bats
  5 frilled lizards
  7 rats
113 creatures vanquished.

Vanquished Creatures (others)
  A spectral weapon (D:6)
1 creature vanquished.

Grand Total: 114 creatures vanquished

Notes
Turn   | Place    | Note
-------+----------+-------------------------------------------
     0 | D:1      | Elric the Gnoll Skald began the quest for the Orb.
     0 | D:1      | Reached XP level 1. HP: 20/20 MP: 6/6
   163 | D:1      | Reached XP level 2. HP: 21/26 MP: 5/7
   167 | D:1      | Learned a level 2 spell: Song of Slaying
   170 | D:1      | Learned a level 2 spell: Shroud of Golubria
   840 | D:2      | Reached skill level 5 in Spellcasting
   840 | D:2      | Reached XP level 3. HP: 31/31 MP: 5/9
   864 | D:2      | Reached skill level 1 in Invocations
  1199 | D:2      | Learned a level 3 spell: Spectral Weapon
  1203 | D:2      | Learned a level 3 spell: Regeneration
  1275 | D:2      | Reached skill level 1 in Short Blades
  1275 | D:2      | Reached skill level 1 in Long Blades
  1275 | D:2      | Reached skill level 1 in Axes
  1275 | D:2      | Reached skill level 1 in Maces & Flails
  1275 | D:2      | Reached skill level 1 in Staves
  1275 | D:2      | Reached skill level 1 in Slings
  1275 | D:2      | Reached skill level 1 in Bows
  1275 | D:2      | Reached skill level 1 in Crossbows
  1275 | D:2      | Reached skill level 1 in Throwing
  1275 | D:2      | Reached skill level 1 in Stealth
  1275 | D:2      | Reached skill level 1 in Shields
  1275 | D:2      | Reached skill level 1 in Unarmed Combat
  1275 | D:2      | Reached skill level 1 in Evocations
  1341 | D:2      | Reached XP level 4. HP: 38/38 MP: 8/11
  1761 | D:3      | Noticed Sigmund
  1770 | D:3      | Killed Sigmund
  1770 | D:3      | Reached skill level 1 in Conjurations
  1770 | D:3      | Reached skill level 1 in Hexes
  1770 | D:3      | Reached skill level 1 in Summonings
  1770 | D:3      | Reached skill level 1 in Necromancy
  1770 | D:3      | Reached skill level 1 in Translocations
  1770 | D:3      | Reached skill level 1 in Transmutations
  1770 | D:3      | Reached skill level 1 in Fire Magic
  1770 | D:3      | Reached skill level 1 in Ice Magic
  1770 | D:3      | Reached skill level 1 in Air Magic
  1770 | D:3      | Reached skill level 1 in Earth Magic
  1770 | D:3      | Reached skill level 1 in Poison Magic
  1770 | D:3      | Reached XP level 5. HP: 43/43 MP: 9/12
  1770 | D:3      | Reached XP level 6. HP: 50/50 MP: 9/13
  1856 | D:3      | Noticed Ijyb
  1860 | D:3      | Killed Ijyb
  2428 | D:4      | Noticed Edmund
  2437 | D:4      | Noticed a phantom
  2590 | D:3      | Killed Edmund
  2590 | D:3      | Reached skill level 5 in Fighting
  2590 | D:3      | Reached skill level 5 in Polearms
  2590 | D:3      | Reached skill level 5 in Dodging
  2719 | D:4      | Killed a phantom
  2719 | D:4      | Reached XP level 7. HP: 41/56 MP: 11/15
  2941 | D:4      | Found a sacrificial altar of Ru.
  2941 | D:4      | Noticed Grinder
  2956 | D:4      | Killed Grinder
  3118 | D:4      | Found a staircase to the Ecumenical Temple.
  3152 | D:4      | Reached XP level 8. HP: 53/63 MP: 16/16
  3165 | Temple   | Entered the Ecumenical Temple
  3333 | Temple   | Became a worshipper of Warmaster Okawaru
  3480 | D:5      | Entered Level 5 of the Dungeon
  3494 | D:5      | Noticed Menkaure
  4081 | D:5      | Killed Menkaure
  4498 | D:6      | Noticed Eustachio
  4510 | D:6      | Killed Eustachio
  4510 | D:6      | Reached * piety under Okawaru
  4616 | D:6      | Noticed Prince Ribbit
  4650 | D:6      | Killed Prince Ribbit
  4650 | D:6      | Reached XP level 9. HP: 36/69 MP: 5/18
  4774 | D:6      | Noticed Dowan
  4779 | D:6      | Noticed Duvessa
  4794 | D:6      | Killed Dowan
  4815 | D:6      | Slain by Duvessa

Levels and vault maps discovered:
D:1:      minmay_arrival_stone_box, layout_loops_ring
D:2:      layout_loops_ring
D:3:      kb_forest_paths, layout_basic, uniq_ijyb, uniq_sigmund
D:4:      layout_rooms, nicolae_ru_awakened_eye, minmay_temple_entry_glass,
          first_ration, uniq_edmund, uniq_grinder
D:5:      layout_rooms, uniq_menkaure
D:6:      layout_basic, serial_shops, nicolae_shop_waterfront, enter_ossuary_4,
          uniq_duvessa, uniq_prince_ribbit1, uniq_eustachio
Temple:   regret_index_temple_chain_breaker

Skill      XL: |  1  2  3  4  5  6  7  8  9 |
---------------+----------------------------+-----
Spellcasting   | 5 6 |  6.3
Invocations    | 1 2 3 4 |  4.1
Short Blades   | 1 2 3 |  3.8
Long Blades    | 1 2 3 |  3.8
Axes           | 1 2 3 |  3.8
Maces & Flails | 1 2 3 |  3.8
Staves         | 1 2 3 |  3.8
Slings         | 1 2 3 |  3.8
Bows           | 1 2 3 |  3.8
Crossbows      | 1 2 3 |  3.8
Throwing       | 1 2 3 |  3.8
Stealth        | 1 2 3 |  3.8
Shields        | 1 2 3 |  3.8
Unarmed Combat | 1 2 3 |  3.8
Evocations     | 1 2 3 |  3.8
Armour         | 3 4 |  4.6
Conjurations   | 1 2 3 |  3.1
Hexes          | 1 2 3 |  3.1
Summonings     | 1 2 3 |  3.1
Necromancy     | 1 2 3 |  3.1
Translocations | 1 2 3 |  3.1
Transmutations | 1 2 3 |  3.1
Fire Magic     | 1 2 3 |  3.1
Ice Magic      | 1 2 3 |  3.1
Air Magic      | 1 2 3 |  3.1
Earth Magic    | 1 2 3 |  3.1
Poison Magic   | 1 2 3 |  3.1
Fighting       | 5 6 |  6.0
Polearms       | 5 6 |  6.0
Dodging        | 5 6 |  6.0
Charms         | 6 |  6.3

Action                   |  1- 3 |  4- 6 |  7- 9 || total
-------------------------+-------+-------+-------++-------
Melee: Spear             |    65 |       |       ||    65
       Bite              |     2 |     3 |    11 ||    16
       Glaive            |     9 |    80 |   113 ||   202
 Cast: Infusion          |    20 |     8 |    11 ||    39
       Shroud of Golubri |     4 |     3 |     4 ||    11
       Song of Slaying   |     1 |     2 |     3 ||     6
       Spectral Weapon   |     1 |     8 |    22 ||    31
       Regeneration      |       |       |     1 ||     1
Invok: Heroism           |       |       |     2 ||     2
  Use: Scroll            |       |       |     2 ||     2
 Stab: Sleeping          |     2 |     1 |     1 ||     4
  Eat: Chunk             |     1 |     3 |     4 ||     8
       Ration            |       |     1 |     1 ||     2
Armor: Leather armour    |    27 |    23 |    37 ||    87
Dodge: Dodged            |    48 |    73 |    85 ||   206

Table legend:
 A = Non-vault XP
 B = Vault XP
 C = Vault XP percentage of total XP
 D = Non-vault monster count
 E = Vault monster count
 F = Vault count percentage of total count
                 A         B        C        D         E       F
            +---------+---------+-------+---------+---------+-------
      Total |    1119 |    1387 |  55.3 |      99 |      14 |  12.4
            +---------+---------+-------+---------+---------+-------
        D:1 |      24 |       0 |   0.0 |      16 |       0 |   0.0
        D:2 |      72 |       0 |   0.0 |      18 |       0 |   0.0
        D:3 |      40 |     433 |  91.5 |      23 |       9 |  28.1
        D:4 |     358 |     277 |  43.6 |      21 |       1 |   4.5
        D:5 |     411 |     165 |  28.6 |      12 |       1 |   7.7
        D:6 |     214 |     512 |  70.5 |       9 |       3 |  25.0
            +---------+---------+-------+---------+---------+-------
